 Dungeon Crawl Stone Soup version 0.21-a0-498-g1b60429 (webtiles) character file.

10710 kiturien the Carver (level 11, -1/97 HPs)
             Began as a Minotaur Fighter on Nov 24, 2017.
             Was an Elder of Wu Jian.
             Slain by an orc warrior
             ... wielding a cursed -1 trident
              (19 damage)
             ... on level 2 of the Orcish Mines.
             The game lasted 00:47:37 (10799 turns).

kiturien the Carver (Minotaur Fighter)             Turns: 10799, Time: 00:47:38

Health: -1/97      AC: 16    Str: 27      XL:     11   Next: 39%
Magic:  10/10      EV: 12    Int:  3 (5)  God:    Wu Jian [****..]
Gold:   1030       SH: 15    Dex:  8 (10) Spells: 10/10 levels left

rFire    + . .     SeeInvis .   H - +5 long sword
rCold    . . .     Gourm    .   c - +3 shield
rNeg     . . .     Faith    .   C - +4 ring mail {rF+}
rPois    +         Spirit   .   (helmet restricted)
rElec    .         Reflect  .   G - +0 cloak
rCorr    .         Harm     .   I - +0 pair of gloves
MR       ++...                  (no boots)
Stlth    ..........             n - amulet of magic regeneration
HPRegen  0.26/turn              m - +3 ring of strength
MPRegen  0.37/turn              A - +3 ring of protection

@: no status effects
A: retaliatory headbutt, horns 2, deterioration 1, magic resistance 2, poison
resistance
a: Serpent's Lash, Renounce Religion


You were on level 2 of the Orcish Mines.
You worshipped Wu Jian.
Wu Jian was greatly pleased with you.
You were not hungry.

You visited 2 branches of the dungeon, and saw 11 of its levels.

You collected 1030 gold pieces.

Inventory:

Hand Weapons
 H - a +5 long sword (weapon)
Missiles
 F - a throwing net (quivered)
Armour
 c - a +3 shield (worn)
 x - a +0 leather armour of poison resistance
 C - a +4 ring mail of fire resistance (worn)
 G - a +0 cloak (worn)
 I - a +0 pair of gloves (worn)
Jewellery
 m - a +3 ring of strength (left hand)
 n - an amulet of magic regeneration (around neck)
 A - a +3 ring of protection (right hand)
 D - an uncursed ring of fire
 E - the ring "Peastipn" {Wiz +Inv rElec rF- MP+9}
   (You found it on level 8 of the Dungeon)

   [ring of wizardry]

   It improves your spell success rate.
   It makes you vulnerable to fire.
   It insulates you from electricity.
   It affects your magic capacity (+9).
   It lets you turn invisible.
Wands
 b - a wand of iceblast (6)
 h - a wand of paralysis (12)
 k - a wand of digging (6)
 p - a wand of disintegration (31)
Scrolls
 e - 9 scrolls of identify
 i - a scroll of enchant armour
 s - 2 scrolls of enchant weapon
 u - 2 scrolls of remove curse
 w - a scroll of fear
 y - 4 scrolls of teleportation
 B - a scroll of amnesia
Potions
 d - 2 potions of might
 g - 4 potions of heal wounds
 l - 9 potions of curing
 q - 2 potions of flight
 r - a potion of brilliance
 t - a potion of ambrosia
 z - a potion of berserk rage
Comestibles
 a - 10 chunks of flesh
 f - 4 bread rations
 j - 3 meat rations
 o - 34 fruits
 v - 5 royal jellies


   Skills:
 + Level 9.4 Fighting
 + Level 13.1 Long Blades
 + Level 8.8 Armour
 + Level 5.5 Dodging
 + Level 11.2 Shields


You had 10 spell levels left.
You didn't know any spells.

Dungeon Overview and Level Annotations

Branches:
Dungeon (9/15)             Temple (0/1) D:4            Lair (0/6) D:8
    Orc (2/2) D:9
    Elf: Orc:2

Altars:
Ashenzari
Dithmenos
Elyvilon
Fedhas
Gozag
Nemelex Xobeh
Vehumet
Wu Jian
Xom
Zin
The Shining One

Shops:
D:5 %

Annotations:
D:6 exclusion: oklob plant


Innate Abilities, Weirdness & Mutations

You reflexively headbutt those who attack you in melee.
You have a pair of horns on your head.
Your body sometimes deteriorates upon taking damage.
You are highly resistant to hostile enchantments. (MR++)
Your system is resistant to poisons. (rPois)


Message History

The orc knight is almost dead.
The orc knight hits you with an enchanted great sword!
An orc and an orc priest come into view.
You hit the orc knight but do no damage.
Your headbutt misses the orc knight.
The orc knight is almost dead.
You block the orc warrior's attack.
You hit the orc knight.
The orc knight is almost dead.
The orc knight roars a battlecry!
The orcs go into a battle-frenzy!
You closely miss the orc knight.
You headbutt the orc knight, but do no damage.
The orc knight is almost dead.
The orc warrior hits you from afar with a trident!!
Your body deteriorates!
You feel dopey.
The orc knight hits you with an enchanted great sword!!
* * * LOW HITPOINT WARNING * * *
The orc warrior hits you from afar with a trident!!
You die...

### ####)###
##..@)..### #..
#.....o.o.##...#
##..#o#.o........
###.............
#...#o.#......#
##......#.#...#
##........#.$.
..#.............
............$....


You could see an orc knight, an orc warrior, an orc priest and 2 orcs.

Vanquished Creatures
  A two-headed ogre (D:8)
  3 death yaks (D:8)
  Joseph (D:8)
  Psyche (D:8)
  A komodo dragon (D:7)
  2 trolls
  Prince Ribbit (D:6)
  2 hippogriffs
  Eustachio (D:4)
  A wraith (D:8)
  A wyvern (D:9)
  2 hungry ghosts
  Grum (D:8)
  Menkaure (D:6)
  A warg (Orc:1)
  Duvessa (D:6)
  A porcupine (D:8)
  8 orc warriors
  A sky beast (D:5)
  A black bear (D:9)
  3 ice beasts
  3 phantoms
  7 ogres
  4 centaurs
  4 wolves (D:8)
  A big kobold (D:8)
  3 bullfrogs
  A gnoll sergeant (D:7)
  A wyvern zombie (D:8)
  Dowan (D:6)
  4 scorpions
  6 killer bees
  3 wights (D:8)
  2 howler monkeys
  A bullfrog zombie (D:6)
  3 crimson imps
  5 hounds
  2 centaur zombies
  5 orc priests
  2 jellies
  A bullfrog skeleton (D:5)
  A centaur skeleton (D:5)
  A hell rat (D:8)
  An iguana (D:8)
  5 orc wizards
  4 worker ants
  A howler monkey zombie (D:9)
  Robin (D:3)
  8 gnolls (D:7)
  9 adders
  A river rat (D:8)
  2 shadow imps (D:6)
  3 oozes
  3 adder skeletons
  4 worms
  2 dart slugs
  5 leopard geckos
  26 orcs
  7 giant cockroaches
  13 goblins
  17 hobgoblins
  6 jackals
  6 quokkas
  4 bats
  8 frilled lizards
  9 kobolds
  11 rats
252 creatures vanquished.

Notes
Turn   | Place    | Note
-------+----------+-------------------------------------------
     0 | D:1      | kiturien the Minotaur Fighter began the quest for the Orb.
     0 | D:1      | Reached XP level 1. HP: 19/19 MP: 0/0
    69 | D:1      | Reached XP level 2. HP: 19/27 MP: 1/1
   653 | D:2      | Reached XP level 3. HP: 33/33 MP: 2/2
   708 | D:2      | Reached skill level 3 in Long Blades
  1003 | D:2      | Reached XP level 4. HP: 40/40 MP: 3/3
  1350 | D:3      | Found a white marble altar of Elyvilon.
  1351 | D:3      | Found a shattered altar of Ashenzari.
  1447 | D:3      | Noticed a centaur
  1455 | D:3      | Killed a centaur
  1455 | D:3      | Reached skill level 4 in Long Blades
  1455 | D:3      | Reached skill level 1 in Dodging
  1455 | D:3      | Reached skill level 5 in Shields
  1455 | D:3      | Reached XP level 5. HP: 34/46 MP: 4/4
  1494 | D:3      | Noticed Robin
  1525 | D:3      | Killed Robin
  2176 | D:3      | Found an ornate altar of the Wu Jian Council.
  2176 | D:3      | Found a sparkling altar of Nemelex Xobeh.
  2180 | D:3      | Became a worshipper of the Wu Jian Council
  2460 | D:4      | Reached XP level 6. HP: 48/53 MP: 5/5
  2566 | D:4      | Noticed Eustachio
  2606 | D:4      | Killed Eustachio
  2606 | D:4      | Reached skill level 5 in Long Blades
  2606 | D:4      | Reached skill level 5 in Armour
  2712 | D:4      | Found a radiant altar of Vehumet.
  2858 | D:4      | Found a staircase to the Ecumenical Temple.
  2940 | D:5      | Entered Level 5 of the Dungeon
  2981 | D:5      | Found a glowing golden altar of the Shining One.
  3166 | D:5      | Reached skill level 6 in Long Blades
  3166 | D:5      | Reached XP level 7. HP: 47/60 MP: 6/6
  3208 | D:5      | Reached * piety under Wu Jian
  3301 | D:5      | Found Laj Weloemue's Food Shop.
  4032 | D:6      | Noticed Duvessa
  4032 | D:6      | Noticed Dowan
  4036 | D:5      | Reached skill level 5 in Fighting
  4036 | D:5      | Reached skill level 7 in Long Blades
  4247 | D:6      | Reached XP level 8. HP: 59/68 MP: 7/7
  4455 | D:6      | Noticed Menkaure
  4460 | D:6      | Killed Menkaure
  4481 | D:6      | Reached skill level 8 in Long Blades
  4517 | D:6      | Found an opulent altar of Gozag.
  4873 | D:6      | Noticed Prince Ribbit
  4880 | D:6      | Killed Prince Ribbit
  4900 | D:6      | Found a blossoming altar of Fedhas.
  5016 | D:6      | Killed Duvessa
  5046 | D:6      | Killed Dowan
  5046 | D:6      | Reached skill level 9 in Long Blades
  5301 | D:6      | Noticed an oklob plant
  5302 | D:6      | Found a radiant altar of Vehumet.
  5586 | D:6      | Found a shadowy altar of Dithmenos.
  5594 | D:6      | Found a glowing silver altar of Zin.
  6126 | D:7      | Gained mutation: You have a pair of large horns on your head. [potion of mutation]
  6126 | D:7      | Gained mutation: You are resistant to hostile enchantments. (MR+) [potion of mutation]
  6126 | D:7      | Gained mutation: Your body sometimes deteriorates upon taking damage. [potion of mutation]
  6126 | D:7      | Gained mutation: You have large cloven feet. [potion of mutation]
  6127 | D:7      | Lost mutation: You have a pair of large horns on your head. [potion of mutation]
  6127 | D:7      | Lost mutation: You have large cloven feet. [potion of mutation]
  6127 | D:7      | Gained mutation: You are highly resistant to hostile enchantments. (MR++) [potion of mutation]
  6127 | D:7      | Gained mutation: Your system is resistant to poisons. (rPois) [potion of mutation]
  6153 | D:7      | Reached XP level 9. HP: 67/75 MP: 8/8
  6163 | D:7      | Noticed a komodo dragon
  6165 | D:7      | Reached ** piety under Wu Jian
  6858 | D:7      | Killed a komodo dragon
  7501 | D:8      | Noticed a death yak
  7501 | D:8      | Noticed a death yak
  7503 | D:8      | Noticed Joseph
  7505 | D:7      | Reached skill level 10 in Long Blades
  7662 | D:8      | Noticed Grum
  7666 | D:8      | Noticed Psyche
  7686 | D:8      | Killed Grum
  7693 | D:8      | Killed Psyche
  7696 | D:8      | Reached XP level 10. HP: 64/86 MP: 9/9
  7838 | D:8      | Reached *** piety under Wu Jian
  7882 | D:8      | Found a shimmering altar of Xom.
  8122 | D:8      | Reached skill level 11 in Long Blades
  8273 | D:8      | Killed Joseph
  8273 | D:8      | Reached skill level 10 in Shields
  8283 | D:8      | Found a transporter.
  8469 | D:8      | Noticed a death yak
  8474 | D:8      | Killed a death yak
  8673 | D:8      | Killed a death yak
  8972 | D:8      | Killed a death yak
  8972 | D:8      | Reached skill level 12 in Long Blades
  8972 | D:8      | Reached skill level 5 in Dodging
  9057 | D:8      | Found a staircase to the Lair.
  9265 | D:8      | Noticed a two-headed ogre
  9336 | D:8      | Reached XP level 11. HP: 94/95 MP: 10/10
  9391 | D:8      | Found a transporter.
  9412 | D:8      | Got a translucent wooden ring
  9423 | D:8      | Identified the ring "Peastipn" {Wiz +Inv rElec rF- MP+9} (You found it on level 8 of the Dungeon)
  9487 | D:8      | Killed a two-headed ogre
  9681 | D:9      | Reached **** piety under Wu Jian
  9984 | D:9      | Found a staircase to the Orcish Mines.
 10323 | Orc:1    | Entered Level 1 of the Orcish Mines
 10454 | Orc:1    | Reached skill level 13 in Long Blades
 10732 | Orc:2    | Entered Level 2 of the Orcish Mines
 10764 | Orc:2    | Noticed an orc knight
 10799 | Orc:2    | Slain by an orc warrior

Vault maps used:
D:1:      dpeg_arrival_rooms_b, item_on_display_b
D:3:      gammafunk_temple_overflow_wave,
          chequers_temple_overflow_statue_of_worship, first_bread, uniq_robin
D:4:      kennysheep_little_box, minmay_temple_entry_junction, uniq_eustachio
D:5:      serial_shops, nicolae_shop_waterfront, hangedman_decor_slide_cut,
          tso_altar
D:6:      fedhas_altar_fruit_tree, marbit_many_paths,
          amethyst_overflow_temple_binary, lemuel_oklob_altar, uniq_duvessa,
          uniq_menkaure, uniq_prince_ribbit1
D:8:      gammafunk_the_bubble, lemuel_round_altar, dpeg_lair_monsters,
          uniq_grum, uniq_joseph, uniq_psyche
D:9:      orc_0_dummy, dk_vineyard_1
Orc:2:    grunt_orc_cross, serial_shops, nicolae_shop_window_shopping

Skill      XL: |  1  2  3  4  5  6  7  8  9 10 11 |
---------------+----------------------------------+-----
Shields        | 4 5 6 7 9 10 11 | 11.2
Fighting       | 4 5 6 7 8 9 |  9.4
Armour         | 4 5 6 7 8 |  8.8
Long Blades    | 3 4 6 7 9 10 12 13 | 13.1
Dodging        | 1 2 3 4 5 |  5.5

Action                   |  1- 3 |  4- 6 |  7- 9 | 10-12 || total
-------------------------+-------+-------+-------+-------++-------
Melee: Long sword        |   106 |   165 |   315 |   294 ||   880
       Headbutt          |    17 |    31 |    62 |    69 ||   179
       Falchion          |       |       |     1 |       ||     1
Evoke: Wand              |       |       |     2 |     4 ||     6
  Use: Scroll            |     6 |     4 |     4 |     3 ||    17
       Potion            |     1 |     9 |     3 |     1 ||    14
  Eat: Chunk             |     1 |     6 |     8 |    11 ||    26
       Bread ration      |       |       |     2 |       ||     2
       Fruit             |       |       |     1 |     1 ||     2
Armor: Scale mail        |    39 |    67 |    17 |       ||   123
       Leather armour    |       |       |     1 |       ||     1
       Ring mail         |       |       |    51 |    46 ||    97
Dodge: Dodged            |    28 |    43 |    83 |    44 ||   198
Block: Shield            |    65 |   141 |   201 |   136 ||   543
       Rpst.: Long sword |     6 |    13 |    20 |    18 ||    57

Table legend:
 A = Spawn XP
 B = Non-spawn XP
 C = Spawn XP percentage of total XP
 D = Spawn monster count
 E = Non-spawn monster count
 F = Spawn count percentage of total count
 G = Total turns spent on level
                    A         B        C        D         E        F      G
               +---------+---------+-------+---------+---------+-------+---------
         Total |       0 |   15300 |   0.0 |       0 |     252 |   0.0 | 10799
               +---------+---------+-------+---------+---------+-------+---------
           D:1 |       0 |      37 |   0.0 |       0 |      22 |   0.0 |   679
           D:2 |       0 |      90 |   0.0 |       0 |      30 |   0.0 |   766
           D:3 |       0 |     192 |   0.0 |       0 |      29 |   0.0 |  1067
           D:4 |       0 |     366 |   0.0 |       0 |      14 |   0.0 |   572
           D:5 |       0 |     686 |   0.0 |       0 |      16 |   0.0 |  1098
           D:6 |       0 |    1388 |   0.0 |       0 |      24 |   0.0 |  2210
           D:7 |       0 |    1432 |   0.0 |       0 |      28 |   0.0 |  1283
           D:8 |       0 |    8222 |   0.0 |       0 |      53 |   0.0 |  1883
           D:9 |       0 |    1172 |   0.0 |       0 |      14 |   0.0 |   765
         Orc:1 |       0 |    1303 |   0.0 |       0 |      16 |   0.0 |   409
         Orc:2 |       0 |     412 |   0.0 |       0 |       6 |   0.0 |    67
               +---------+---------+-------+---------+---------+-------+---------
